 Dungeon Crawl Stone Soup version 0.31.0-32-g396128a36d (webtiles) character file.

Game seed: 15936531875600314420

1279099 diecastcamel the Conqueror (level 27, 323/323 HPs)
             Began as an Oni Earth Elementalist on Apr 17, 2024.
             Was a Priest of Sif Muna.
             Escaped with the Orb
             ... and 3 runes on Apr 24, 2024!
             The game lasted 10:32:24 (135804 turns).

diecastcamel the Conqueror (OnEE)                 Turns: 135804, Time: 10:32:24

Health: 323/323    AC: 31    Str: 18 (20) XL:     27
Magic:  44/48      EV: 12    Int: 25 (32) God:    Sif Muna [***...]
Gold:   4930       SH:  0    Dex:  7 (10) Spells: 6/68 levels left

rFire   + + .        S - staff of Bonluad {rElec rN+ Int+6 Conj Air}
rCold   + . .        (no shield)
rNeg    + + +        O - +7 swamp dragon scales of Miracles {rPois rCorr}
rPois   +            g - +4 hat of New Discoveries {rF+ Dex-5 SInv Stlth+}
rElec   +            R - +2 cloak {Will+}
rCorr   +            (gloves unavailable)
SInv    +            (boots unavailable)
Will    ++++.        m - amulet "Kehaqeos" {Acrobat +Inv rN+++ SInv Stlth-}
Stlth   +            Z - ring "Yllaluar" {rPois rF+ rC+ AC+4}
HPRegen 0.73/turn    j - ring of Ciniq {Wiz rN+ Will+ Dex+6 Slay-5}
MPRegen 0.31/turn

%: acrobat, wizardry (x1)
@: studying Ranged Weapons
A: large, unfitting armour, horns 1, tough skin 1, double potion healing,
drunken brawling, mutation resistance 1, no potion heal 1
0: Orb of Zot
}: 3/15 runes: decaying, silver, gossamer
a: Renounce Religion, Evoke Invisibility, Channel Magic, Forget Spell


You escaped.
You worshipped Sif Muna.
Sif Muna was most pleased with you.
You visited 10 branches of the dungeon, and saw 48 of its levels.
You visited the Abyss 1 time.
You also visited: Sewer, Bailey, Gauntlet and Ice Cave.

You collected 8224 gold pieces.
You spent 3294 gold pieces at shops.

Inventory:

Armour
 g - the +4 hat of New Discoveries (worn) {rF+ Dex-5 SInv Stlth+}
   (You acquired it on level 14 of the Dungeon)

   Dex-5:     It affects your dexterity (-5).
   rF+:       It protects you from fire.
   SInv:      It lets you see invisible.
   Stlth+:    It makes you more stealthy.
 O - the +7 swamp dragon scales of Miracles (worn) {rPois rCorr}
   (You acquired it on level 2 of the Depths)

   rPois:     It protects you from poison rCorr: It protects you from acid and
   corrosion.
 R - a +2 cloak of willpower (worn)
 V - the +0 hat of Weegh {-Tele rElec rC+ Dex+5 SInv}
   (You found it in a Gauntlet)

   Dex+5:     It affects your dexterity (+5).
   rC+:       It protects you from cold.
   rElec:     It insulates you from electricity.
   SInv:      It lets you see invisible.
   -Tele:     It prevents most forms of teleportation.
Magical Staves
 J - the staff "Giantbane" {rPois rF+ rC+ Str-5 Conj Fire}
   (You found it on level 7 of the Dungeon)

   [staff of fire]

   Base accuracy: +5 Base damage: 5 Base attack delay: 1.2 This weapon's minimum
   attack delay (0.6) is reached at skill level 12.
   Str-5:     It affects your strength (-5).
   rF+:       It protects you from fire.
   rC+:       It protects you from cold.
   rPois:     It protects you from poison Conj: It increases the power of your
   Conjurations spells.
   Fire:      It increases the power of your Fire spells.
   It falls into the 'Staves' category.
   It is a one-handed weapon.
 S - the staff of Bonluad (weapon) {rElec rN+ Int+6 Conj Air}
   (You found it on level 3 of the Elven Halls)

   [staff of conjuration]

   Base accuracy: +5 Base damage: 5 Base attack delay: 1.2 This weapon's minimum
   attack delay (0.6) is reached at skill level 12.
   Int+6:     It affects your intelligence (+6).
   rElec:     It insulates you from electricity.
   rN+:       It protects you from negative energy.
   Conj:      It increases the power of your Conjurations spells.
   Air:       It increases the power of your Air spells.
   It falls into the 'Staves' category.
   It is a one-handed weapon.
Jewellery
 b - the ring "Coxkixao" {Wiz rPois rF+ rN+ Str-4 Slay+6}
   (You found it on level 2 of the Depths)

   [ring of wizardry]

   Wiz:       It improves your spell success rate.
   Str-4:     It affects your strength (-4).
   Slay+6:    It affects your accuracy & damage with ranged weapons and melee
   (+6).
   rF+:       It protects you from fire.
   rPois:     It protects you from poison rN+: It protects you from negative
   energy.
 j - the ring of Ciniq (right hand) {Wiz rN+ Will+ Dex+6 Slay-5}
   (You found it on level 5 of the Lair of Beasts)

   [ring of wizardry]

   Wiz:       It improves your spell success rate.
   Dex+6:     It affects your dexterity (+6).
   Slay-5:    It affects your accuracy & damage with ranged weapons and melee
   (-5).
   rN+:       It protects you from negative energy.
   Will+:     It increases your willpower.
 m - the amulet "Kehaqeos" (around neck) {Acrobat +Inv rN+++ SInv Stlth-}
   (You found it on level 3 of the Realm of Zot)

   [amulet of the acrobat]

   Acrobat:   It increases your evasion while moving and waiting.
   rN+++:     It renders you almost immune to negative energy.
   SInv:      It lets you see invisible.
   +Inv:      It lets you turn invisible.
   Stlth-:    It makes you less stealthy.
 E - the ring of the Shrike {^Drain rPois Will+ Int-3 Dex+7}
   (You bought it in a shop on level 2 of the Orcish Mines)

   [ring of willpower]

   Int-3:     It affects your intelligence (-3).
   Dex+7:     It affects your dexterity (+7).
   rPois:     It protects you from poison Will+: It increases your willpower.
   ^Drain:    It drains your maximum health when unequipped.
 F - the ring of Zito {rElec SInv}
   (You found it on level 2 of the Depths)

   [ring of see invisible]

   rElec:     It insulates you from electricity.
   SInv:      It lets you see invisible.
 I - the ring of Togun {rC+ Int+3 Dex+4 Stlth+}
   (You took it off a deep elf sorcerer on level 5 of the Vaults)

   [ring of protection from cold]

   Int+3:     It affects your intelligence (+3).
   Dex+4:     It affects your dexterity (+4).
   rC+:       It protects you from cold.
   Stlth+:    It makes you more stealthy.
 X - the amulet of the Robin {Acrobat Will+ Dex-3 Slay+4 Stlth+}
   (You found it on level 5 of the Vaults)

   [amulet of the acrobat]

   Acrobat:   It increases your evasion while moving and waiting.
   Dex-3:     It affects your dexterity (-3).
   Slay+4:    It affects your accuracy & damage with ranged weapons and melee
   (+4).
   Will+:     It increases your willpower.
   Stlth+:    It makes you more stealthy.
 Y - a ring of flight
 Z - the ring "Yllaluar" (left hand) {rPois rF+ rC+ AC+4}
   (You found it on level 5 of the Vaults)

   [ring of protection]

   AC+4:      It affects your AC (+4).
   rF+:       It protects you from fire.
   rC+:       It protects you from cold.
   rPois:     It protects you from poison
Wands
 a - a wand of roots (25)
 x - a wand of quicksilver (18)
 N - a wand of digging (23)
Scrolls
 c - 4 scrolls of noise
 l - 6 scrolls of immolation
 n - 2 scrolls of summoning
 s - 7 scrolls of fog
 t - a scroll of enchant armour
 v - 14 scrolls of vulnerability
 w - 5 scrolls of silence
 z - 2 scrolls of revelation
 G - 2 scrolls of amnesia
 H - 8 scrolls of poison
 K - 14 scrolls of teleportation
 P - 7 scrolls of fear
 Q - 2 scrolls of torment
 T - a scroll of blinking
Potions
 d - 8 potions of resistance
 e - 17 potions of curing
 f - 10 potions of brilliance
 h - 5 potions of ambrosia
 i - 5 potions of heal wounds
 o - 7 potions of might
 p - 12 potions of enlightenment
 q - 8 potions of attraction
 r - 6 potions of berserk rage
 u - 14 potions of lignification
 A - 4 potions of haste
 B - 13 potions of mutation
 M - 4 potions of invisibility
 U - 5 potions of magic
Miscellaneous
 y - a lightning rod (4/4)
 D - a phantom mirror
 L - a box of beasts


   Skills:
 O Level 27 Fighting
 - Level 4.0 Staves
 - Level 13.8 Armour
 - Level 19.0 Dodging
 - Level 1.4 Stealth
 - Level 21.3 Spellcasting
 + Level 22.4 Conjurations
 - Level 6.0 Translocations
 - Level 9.0 Fire Magic
 - Level 9.0 Earth Magic
 - Level 10.0 Alchemy
 - Level 15.0 Invocations


You had 6 spell levels left.
You knew the following spells:

 Your Spells              Type           Power      Damage    Failure   Level
a - Sandblast             Erth           100%       2d20      1%          1
b - Stone Arrow           Conj/Erth      100%       3d13      0%          3
c - Blink                 Tloc           100%       N/A       1%          2
d - Olgreb's Toxic Radia  Alch           67%        N/A       1%          4
e - Ignite Poison         Fire/Alch      65%        N/A       1%          4
f - Fireball              Conj/Fire      51%        3d20      1%          5
g - Iskenderun's Mystic   Conj/Tloc      98%        2d19      1%          4
h - Irradiate             Conj/Alch      52%        3d29      1%          5
i - Orb of Destruction    Conj           59%        9d14      1%          7
j - Polar Vortex          Ice            13%        12d1*     100%        9
k - Dragon's Call         Summ           13%        N/A       100%        9
l - Death's Door          Necr           13%        N/A       100%        9

Your spell library contained the following spells:

 Spells                   Type           Power      Damage    Failure   Level
 Foxfire                  Conj/Fire      100%       2x1d9     0%          1
 Kiss of Death            Conj/Necr      100%       2d13      0%          1
 Magic Dart               Conj           100%       1d8       0%          1
 Shock                    Conj/Air       100%       1d9       0%          1
 Sting                    Conj/Alch      100%       1d9       0%          1
 Momentum Strike          Conj/Tloc      100%       3d10      0%          2
 Searing Ray              Conj           100%       2d8       0%          2
 Iskenderun's Battlesphe  Conj           100%       2d15      0%          5
 Apportation              Tloc           100%       N/A       1%          1
 Freeze                   Ice            100%       1d10      1%          1
 Necrotise                Necr           100%       1d9       1%          1
 Slow                     Hex            100%       N/A       1%          1
 Summon Small Mammal      Summ           100%       N/A       1%          1
 Call Imp                 Summ           52%        N/A       1%          2
 Cigotuvi's Dreadful Rot  Necr/Alch/Air  100%       N/A       1%          2
 Jinxbite                 Hex            52%        N/A       1%          2
 Lesser Beckoning         Tloc           100%       N/A       1%          2
 Mercury Vapours          Alch/Air       100%       N/A       1%          2
 Scorch                   Fire           100%       2d9       1%          2
 Static Discharge         Conj/Air       100%       3-8/arc   1%          2
 Sublimation of Blood     Necr           26%        N/A       1%          2
 Dazzling Flash           Conj/Hex       100%       N/A       1%          3
 Gell's Gravitas          Tloc           54%        N/A       1%          3
 Hailstorm                Conj/Ice       90%        3d15      1%          3
 Inner Flame              Hex/Fire       49%        N/A       1%          3
 Mephitic Cloud           Conj/Alch/Air  100%       N/A       1%          3
 Passwall                 Erth           64%        N/A       1%          3
 Teleport Other           Tloc           54%        N/A       1%          3
 Volatile Blastmotes      Fire/Tloc      100%       2d18      1%          3
 Animate Armour           Summ/Erth      98%        N/A       1%          4
 Brom's Barrelling Bould  Conj/Erth      100%       2d11      1%          4
 Flame Wave               Conj/Fire      100%       2d21      1%          4
 Fulminant Prism          Conj/Alch      52%        3d23      1%          4
 Leda's Liquefaction      Alch/Erth      32%        N/A       1%          4
 Manifold Assault         Tloc           54%        N/A       1%          4
 Passage of Golubria      Tloc           54%        N/A       1%          4
 Petrify                  Alch/Erth      65%        N/A       1%          4
 Sticky Flame             Fire/Alch      65%        2d11      1%          4
 Summon Blazeheart Golem  Fire/Summ      49%        N/A       1%          4
 Alistair's Intoxication  Alch           44%        N/A       1%          5
 Arcjolt                  Conj/Air       56%        1d66      1%          5
 Freezing Cloud           Conj/Ice/Air   48%        6-21      1%          5
 Lee's Rapid Deconstruct  Erth           32%        3d16*     1%          5
 Bombard                  Conj/Erth      51%        9d9       1%          6
 Conjure Ball Lightning   Conj/Air       56%        3x3d20    1%          6
 Starburst                Conj/Fire      51%        6d14      1%          6
 Call Canine Familiar     Summ           26%        N/A       2%          3
 Confusing Touch          Hex            26%        N/A       2%          3
 Frozen Ramparts          Ice            52%        1d8       2%          3
 Fugue of the Fallen      Necr           26%        N/A       2%          3
 Ozocubu's Armour         Ice            26%        N/A       2%          3
 Sigil of Binding         Hex            26%        N/A       2%          3
 Summon Ice Beast         Ice/Summ       26%        N/A       2%          3
 Swiftness                Air            40%        N/A       2%          3
 Tukima's Dance           Hex            26%        N/A       2%          3
 Vampiric Draining        Necr           26%        2d7       2%          3
 Dimensional Bullseye     Hex/Tloc       20%        N/A       2%          4
 Vhi's Electric Charge    Tloc/Air       100%       N/A       2%          4
 Eringya's Noxious Bog    Alch           33%        4d6       2%          6
 Yara's Violent Unravell  Hex/Alch       25%        3d11      3%          5
 Borgnjor's Vile Clutch   Necr/Erth      24%        N/A       4%          5
 Summon Forest            Summ/Tloc      20%        N/A       8%          5
 Airstrike                Air            20%        2d(3-19)  9%          4
 Anguish                  Hex/Necr       13%        N/A       9%          4
 Animate Dead             Necr           26%        N/A       9%          4
 Cause Fear               Hex            13%        N/A       9%          4
 Dispel Undead            Necr           26%        3d13      9%          4
 Martyr's Knell           Necr/Summ      26%        N/A       9%          4
 Summon Lightning Spire   Summ/Air       40%        N/A       9%          4
 Dispersal                Tloc           27%        N/A       12%         6
 Sculpt Simulacrum        Ice/Alch       25%        N/A       17%         6
 Plasma Beam              Fire/Air       32%        2x1d45    22%         6
 Curse of Agony           Necr           26%        N/A       26%         5
 Metabolic Englaciation   Hex/Ice        13%        N/A       26%         5
 Summon Mana Viper        Hex/Summ       26%        N/A       26%         5
 Death Channel            Necr           13%        N/A       77%         6
 Summon Cactus Giant      Summ           13%        N/A       77%         6
 Spellforged Servitor     Conj/Summ      45%        N/A       8%          7
 Lehudib's Crystal Spear  Conj/Erth      51%        10d12     10%         8
 Fire Storm               Conj/Fire      51%        8d13      78%         9
 Ignition                 Fire           32%        3d10      80%         8
 Malign Gateway           Summ/Tloc      20%        N/A       89%         7
 Enfeeble                 Hex            13%        N/A       99%         7
 Haunt                    Necr/Summ      13%        N/A       99%         7
 Monstrous Menagerie      Summ           13%        N/A       99%         7
 Ozocubu's Refrigeration  Ice            13%        4d10      99%         7
 Summon Hydra             Summ           13%        N/A       99%         7
 Disjunction              Tloc           27%        N/A       99%         8
 Borgnjor's Revivificati  Necr           13%        N/A       100%        8
 Discord                  Hex            13%        N/A       100%        8
 Infestation              Necr           13%        N/A       100%        8
 Maxwell's Capacitive Co  Air            20%        ∞         100%        8
 Summon Horrible Things   Summ           13%        N/A       100%        8
 Chain Lightning          Conj/Air       56%        3d74      100%        9
 Shatter                  Erth           32%        3d26*     100%        9


Dungeon Overview and Level Annotations

Branches:
Dungeon (15/15)            Temple (1/1) D:5            Lair (5/5) D:9
  Swamp (4/4) Lair:2       Spider (4/4) Lair:2        Slime (0/5) Lair:4
    Orc (2/2) D:9             Elf (3/3) Orc:2        Vaults (5/5) D:13
  Crypt (0/3) Vaults:3     Depths (4/4) D:15            Zot (5/5) Depths:4
  Sewer (visited)          Bailey (visited)           IceCv (visited)
Gauntlet (visited)

Altars:
Ashenzari
Cheibriados
Dithmenos
Elyvilon
Fedhas
Gozag
Hepliaklqana
Kikubaaqudgha
Makhleb
Nemelex Xobeh
Okawaru
Qazlal
Ru
Sif Muna
Trog
Uskayaw
Vehumet
Wu Jian
Xom
Yredelemnul
Zin
The Shining One
Jiyva

Shops:
D:3 :   D:4 (   D:7 (   D:8 [   D:13 !   Orc:2 !*=(   Elf:1 =:=   Vaults:2 [
Depths:2 ?[*   Depths:3 :

Portals:
Hell: Depths:1 Depths:2 Depths:3 Depths:4
Abyss: Depths:2 Depths:3
Pandemonium: Orc:2 Depths:1 Depths:2 Depths:4
Ziggurat: Depths:1

Annotations:
Swamp:1 3 runed translucent doors, Hnaef's ghost, adept FeSh
Swamp:3 3 runed translucent doors, Gokhumny's ghost, adept GnFi
Spider:2 2 runed translucent doors, Woboll's ghost, adept MiMo
Elf:2 3 runed translucent doors
Vaults:3 2 transporters
Depths:3 exclusion: orange crystal statue
Zot:3 1 transporter, stpyramids's ghost, legendary DDFi
Zot:5 2 transporters, hellgot's ghost, master GnIE


Innate Abilities, Weirdness & Mutations

You are too large for most types of armour.
You have a pair of small horns on your head.
You have tough skin. (AC +1)
You gain doubled healing and magic from potions.
Whenever you drink a healing potion, you attack all around you.
You are somewhat resistant to further mutation.
Potions are less effective at restoring your health.


Message History

You feel a surge of power!
Your orb of destruction hits a rock wall.
Unknown command.
The hellephant blinks!
Aiming: Orb of Destruction (mildly dangerous; 1% risk of failure)
Press: ? - help, Q - select action, (/) - cycle Shift-Dir - straight line, f/p - hellephant
Aim: a hellephant You feel a surge of power!
The wavering orb of destruction weakly hits the hellephant!!
The hellephant is lightly wounded.
The hellephant blinks!
What level of the Dungeon? (default 1, ? - help)
A hellephant is nearby!
The hellephant blinks!
Your magical contamination has completely faded away.
There is a stone staircase leading up here.
You climb upwards.
There is a stone staircase leading down here.
What level of the Dungeon? (default 1, ? - help)
You hear a grinding noise.
You hear a grinding noise.
A cacodemon and an orange demon come into view.
You hear a grinding noise.
There is a stone staircase leading up here.
Some rock shatters into small pieces.
You climb upwards.
There is a stone staircase leading down, spattered with blood here.
There is an open door here.
Aiming: Dig
Press: ? - help, Shift-Dir - straight line You can't see that place. [the floor.]
Okay, then.
Aiming: Dig
Press: ? - help, Shift-Dir - straight line You can't see that place. [the floor.]
The rock shatters into small pieces.
There is a staircase leading out of the dungeon here.
You have escaped!

.................#.#########..##.
####.#######.###.#...............
#.......#.# ##############.###
##......'.##### #............#
#......#.....# #.....####.#.#
########.###'###.....##......
##.##.##...##.....##.#...#
##..##.#.....####'###.#.###
#...##.#.#@#.## #.# #.#....
#.>.'.........# #.# #.#.###
#.).##.######## #.# #.#....
##..##.# #.###.#.##. ##.##.#
#.....#.##. ####.# #####
#######.##. ####.# #...#
#......... ##### ###.##.###.#.#
#.#..#.... #...# #...##..'..#.#
#.####.###


There were no monsters in sight!

Vanquished Creatures
  7 dread liches
  3 ancient liches
  An orb of fire (Zot:5)
  4 juggernauts (Depths:3)
  Saint Roka (Depths:2)
  Bai Suzhen (Spider:3)
  9 Killer Klowns
  A caustic shrike (Depths:3)
  4 curse toes
  11 golden dragons
  5 electric golems
  2 bone dragons
  Nikola (Spider:3)
  A Tzitzimitl (D:12)
  2 doom hounds (Depths:3)
  Rupert (D:15)
  Zenata (Elf:3)
  Jorgrun (D:15)
  19 tentacled monstrosities
  A deep elf blademaster (Elf:3)
  3 deep elf master archers (Elf:3)
  9 quicksilver dragons
  2 liches
  5 sphinxes
  27 Orb Guardians
  8 titans
  Grunn (Depths:3)
  An ancient champion (Depths:2)
  7 death cobs
  Frances (D:14)
  Kirke (D:15)
  10 tengu reavers
  A thorn hunter (Swamp:4)
  Aizul (Elf:3)
  9 shadow dragons
  17 storm dragons
  Donald (Spider:1)
  2 fenstrider witches
  5 emperor scorpions
  8 protean progenitors
  12 deep elf sorcerers
  5 draconian monks
  3 iron dragons
  A draconian knight (Zot:4)
  6 ghost moths
  4 draconian shifters
  12 frost giants
  13 vault wardens
  7 fire giants
  A spriggan defender (Depths:4)
  3 draconian scorchers
  2 orc warlords
  2 balrugs
  3 reapers
  4 draconian stormcallers
  5 deep elf elementalists (Elf:3)
  5 draconian annihilators
  Louise (Spider:3)
  15 ironbound preservers
  11 very ugly things
  12 ironbound thunderhulks
  3 broodmothers
  15 stone giants
  2 formless jellyfish
  A putrid mouth (Depths:3)
  The ghost of Valrug the Eclecticist, a journeyman DsAl of Gozag (Lair:2)
  An elemental wellspring (Depths:3)
  11 dire elephants
  2 vampire knights
  4 eleionomae
  8 deep elf demonologists
  A lorocyproca (Depths:1)
  2 war gargoyles
  11 spark wasps
  5 red draconians
  4 deep elf death magi (Elf:3)
  3 bunyips (Swamp:3)
  7 black draconians
  11 green draconians
  7 purple draconians
  7 deep elf annihilators (Elf:3)
  A spark wasp (shapeshifter) (Vaults:5)
  10 yellow draconians
  Azrael (D:15)
  A minotaur (Gauntlet)
  10 white draconians
  4 crystal guardians
  A blizzard demon (Abyss:4)
  15 ettins
  15 fire dragons
  3 shambling mangroves
  9 deep elf high priests
  8 entropy weavers
  37 vault guards
  2 merfolk javelineers
  Josephine (D:15)
  4 merfolk impalers
  4 great orbs of eyes
  A demonspawn (Orc:2)
  10 yaktaur captains
  4 peacekeepers
  Fannar (Lair:3)
  A salamander tyrant (Depths:2)
  21 hydras
  6 ogre magi
  6 radroaches
  7 alligators
  14 ice dragons
  A jorogumo (Spider:1)
  4 rakshasas
  5 spriggan air magi
  4 ghost crabs
  8 ironbound frosthearts
  10 boulder beetles
  18 two-headed ogres
  A two-headed ogre (shapeshifter) (Vaults:5)
  3 catoblepae
  9 centaur warriors
  A death knight (D:12)
  16 dancing weapons
  8 deep troll earth magi
  10 demonic crawlers
  2 thrashing horrors (Abyss:4)
  19 death yaks
  A deep troll shaman (Depths:3)
  2 death scarabs (Gauntlet)
  2 occultists
  17 tengu warriors
  A titan zombie (Depths:3)
  3 hell knights
  5 spriggan berserkers
  A titan skeleton (Depths:2)
  2 soul eaters
  8 orc high priests
  A wretched star (Abyss:4)
  A sun demon (Depths:1)
  6 deep elf knights
  A fire crab (Gauntlet)
  A skyshark (Lair:5)
  Nergalle (Lair:3)
  A spectral death yak (Gauntlet)
  Sonja (Lair:3)
  2 sixfirhies
  7 pharaoh ants
  A salamander mystic (Depths:2)
  A shadow demon (Depths:4)
  9 bog bodies
  A skyshark (shapeshifter) (Vaults:5)
  A fire crab (shapeshifter) (Depths:3)
  A shadow wraith (Vaults:5)
  6 goliath frogs
  5 large abominations
  4 spriggan druids
  2 death drakes
  8 skeletal warriors
  14 orb spiders
  A shadow dragon zombie (Depths:1)
  A golden dragon skeleton (Depths:1)
  An orange crystal statue (Zot:5)
  A golden dragon zombie (Depths:2)
  8 arcanists
  4 glowing orange brains
  43 deep trolls
  15 swamp dragons
  21 ironbound convokers
  7 lindwurms
  A harpy (shapeshifter) (D:12)
  2 tengu zombies
  15 orc knights
  4 flayed ghosts
  2 spectral hydras (Gauntlet)
  11 steelbarb worms
  9 necromancers
  9 harpies
  5 deep elf archers
  9 phantasmal warriors
  An iron dragon zombie (Depths:2)
  37 deep elf pyromancers
  6 orc sorcerers
  17 deep elf zephyrmancers
  25 wolf spiders
  A faun (shapeshifter) (Vaults:5)
  A tengu skeleton (Vaults:2)
  A frost giant zombie (Depths:3)
  A shining eye (Gauntlet)
  A wolf spider (shapeshifter) (Vaults:5)
  A human zombie (Vaults:3)
  3 fauns (Zot:4)
  42 ugly things
  10 cyclopes
  A manticore (shapeshifter) (Depths:2)
  3 fire giant skeletons
  4 will-o-the-wisps
  5 manticores
  5 meliai
  27 moths of wrath
  A salamander (Depths:2)
  19 elephants
  Joseph (Lair:1)
  An ice statue (IceCv)
  4 black mambas
  4 torpor snails
  14 vault sentinels
  2 kobold blastminers (Orc:2)
  3 smoke demons
  An orange demon (Orc:2)
  Jeremiah (D:7)
  11 cane toads
  Maggie (D:7)
  A dire elephant skeleton (Abyss:3)
  2 gargoyles
  33 yaktaurs
  A torpor snail (shapeshifter) (Vaults:5)
  5 unseen horrors
  A hellion (Abyss:4)
  2 tormentors (Depths:3)
  An efreet (D:12)
  An anaconda simulacrum (IceCv)
  11 rime drakes
  10 komodo dragons
  A kobold demonologist (D:12)
  A freezing wraith (Vaults:5)
  2 ice devils
  A spark wasp simulacrum (Depths:1)
  9 tengu conjurers
  An elf skeleton (Vaults:3)
  A yaktaur skeleton (Vaults:2)
  An ancient zyme (Abyss:3)
  2 hellwings
  2 merfolk (shapeshifter)
  14 trolls
  A bloated husk (Swamp:2)
  26 hornets
  A tarantella (shapeshifter) (Depths:4)
  A blink frog (shapeshifter) (D:14)
  4 raiju (Abyss:3)
  A raiju (shapeshifter) (D:13)
  7 tyrant leeches
  34 tarantellas
  7 dream sheep
  10 blink frogs
  A spectral black mamba (Gauntlet)
  40 slime creatures
  A jumping spider (shapeshifter) (Depths:3)
  6 glass eyes
  16 spriggans
  5 air elementals
  32 culicivoras
  A culicivora (shapeshifter) (Depths:4)
  2 dire elephant simulacra (IceCv)
  2 centaur simulacra
  12 fire elementals
  An ettin skeleton (Vaults:2)
  11 wraiths
  2 vampires
  39 jumping spiders
  8 water elementals
  2 shadows (D:11)
  6 basilisks
  16 wyverns
  A warg (shapeshifter) (D:15)
  4 fire bats
  8 wargs
  47 yaks
  A hog (D:15)
  2 golden eyes (Gauntlet)
  47 redbacks
  26 vampire mosquitoes
  Menkaure (D:7)
  An acid dragon (D:12)
  20 swamp worms
  A swamp worm (shapeshifter) (Vaults:5)
  3 harpy simulacra (IceCv)
  12 water moccasins
  2 hydra simulacra (IceCv)
  9 hell hounds
  9 swamp drakes
  50 orc warriors
  2 sky beasts (D:7)
  2 black bears
  3 ice beasts
  A crocodile (Sewer)
  An ettin simulacrum (Vaults:3)
  An ogre (shapeshifter) (D:14)
  12 centaurs
  6 ogres
  2 wolves (D:9)
  A phantom (D:6)
  6 bullfrogs
  4 kobold brigands
  2 gnoll sergeants
  A cane toad simulacrum (IceCv)
  4 two-headed ogre simulacra (IceCv)
  2 glowing shapeshifter simulacra (Vaults:3)
  A small abomination (Abyss:3)
  An earth elemental (Elf:1)
  9 scorpions
  8 wights (D:8)
  4 elephant simulacra (IceCv)
  19 killer bees
  5 electric eels
  4 howler monkeys
  2 bombardier beetles
  3 jellies
  32 orc priests
  6 hounds
  A sleepcap (Temple)
  4 starcursed masses (Abyss:3)
  7 iguanas
  6 spriggan simulacra (IceCv)
  28 orc wizards
  10 hell rats
  2 polar bear simulacra (IceCv)
  7 troll simulacra (IceCv)
  2 wolf simulacra (IceCv)
  5 adders
  7 gnolls
  A river rat (D:4)
  5 naga simulacra (IceCv)
  A shadow imp (D:6)
  A white imp (IceCv)
  10 ufetubi
  2 dart slugs
  4 ribbon worms
  99 orcs
  9 ball pythons
  7 endoplasms
  4 giant cockroaches
  7 goblins
  7 hobgoblins
  6 jackals
  3 quokkas
  7 bats
  3 frilled lizards
  10 kobolds
  9 rats
2345 creatures vanquished.

Vanquished Creatures (collateral kills)
  An orb of fire (Zot:5)
  17 boulders
18 creatures vanquished.

Vanquished Creatures (others)
  A tarantella (Spider:3)
  A human (D:15)
  A redback simulacrum (D:15)
  2 electric eels (D:12)
  26 boulders
  18 foxfires
49 creatures vanquished.

Grand Total: 2412 creatures vanquished

Notes
Turn   | Place    | Note
-------+----------+-------------------------------------------
     0 | D:1      | diecastcamel the Oni Earth Elementalist began the quest for
                  | the Orb.
     0 | D:1      | Reached XP level 1. HP: 16/16 MP: 3/3
    11 | D:1      | Reached skill level 1 in Conjurations
   260 | D:1      | Reached XP level 2. HP: 24/24 MP: 3/5
  1017 | D:2      | Reached XP level 3. HP: 29/31 MP: 1/7
  1074 | D:1      | Learned a level 3 spell: Stone Arrow
  1325 | D:2      | Got Tyuwkac's Handbook of the Septic Comitatus
  1464 | D:2      | Reached XP level 4. HP: 39/39 MP: 5/8
  1512 | D:2      | Found the +7 staff of the Meek {protect, meekguard}
  1911 | D:3      | Found Naiderghi's Book Boutique.
  2070 | D:3      | Found a shimmering blue altar of Sif Muna.
  2076 | D:3      | Became a worshipper of Sif Muna the Loreminder
  2353 | D:3      | Identified the +3 flail "Ohemeka" {pain, Int+7 Dex-2}
  2444 | D:3      | Identified the +0 ring mail of Spite {^Drain +Inv rF++
                  | Int+2}
  2654 | D:3      | Reached XP level 5. HP: 45/45 MP: 6/9
  3069 | D:4      | Noticed an ogre
  3091 | D:4      | Killed an ogre
  3129 | D:4      | Reached * piety under Sif Muna
  3141 | D:4      | Reached XP level 6. HP: 53/53 MP: 8/11
  3154 | D:4      | Found a glowing drain.
  3158 | D:4      | Found Koivvuank's Antique Weapon Boutique.
  3196 | Sewer    | Entered a sewer
  3479 | D:3      | Bought a book of Spatial Translocations for 198 gold pieces
  3482 | D:3      | Learned a level 2 spell: Blink
  3617 | D:4      | Reached skill level 5 in Earth Magic
  3617 | D:4      | Reached XP level 7. HP: 28/59 MP: 2/12
  4434 | D:5      | Entered Level 5 of the Dungeon
  4538 | D:5      | Reached skill level 1 in Invocations
  5082 | D:5      | Found a staircase to the Ecumenical Temple.
  5098 | Temple   | Entered the Ecumenical Temple
  5176 | Temple   | Reached skill level 1 in Translocations
  5359 | D:5      | Found a sparkling altar of Nemelex Xobeh.
  5628 | D:5      | Reached XP level 8. HP: 67/67 MP: 13/15
  6408 | D:6      | Reached skill level 5 in Conjurations
  6505 | D:6      | Reached skill level 5 in Spellcasting
  6817 | D:6      | Reached ** piety under Sif Muna
  7003 | D:6      | Found a broken altar of Ashenzari.
  7431 | D:6      | Found a shimmering altar of Xom.
  7566 | D:6      | Learned a level 4 spell: Brom's Barrelling Boulder
  7570 | D:6      | Learned a level 3 spell: Passwall
  7617 | D:7      | Reached XP level 9. HP: 74/74 MP: 18/18
  7631 | D:7      | Noticed Maggie
  7640 | D:7      | Noticed Menkaure
  7734 | D:7      | Found Noskogu's Firing Range.
  8103 | D:7      | Killed Menkaure
  8233 | D:7      | Noticed Jeremiah
  8269 | D:7      | Killed Jeremiah
  8545 | D:7      | Got the Meditations on Entranced Voltage
  8555 | D:7      | Killed Maggie
  8745 | D:7      | Found an ornate altar of the Wu Jian Council.
  9151 | D:7      | Reached XP level 10. HP: 81/81 MP: 14/21
  9196 | D:7      | Reached skill level 5 in Invocations
  9493 | D:7      | Got the Secrets of the Curse and Distance
  9643 | D:7      | Reached *** piety under Sif Muna
 10346 | D:7      | Noticed a two-headed ogre
 10360 | D:7      | Killed a two-headed ogre
 10551 | D:7      | Noticed a two-headed ogre
 10556 | D:7      | Killed an unseen horror
 10587 | D:7      | Killed a two-headed ogre
 10693 | D:7      | Identified the blade talisman "Ihalytoe" {Int+4 Dex+2}
 10728 | D:7      | Reached XP level 11. HP: 88/88 MP: 11/24
 10825 | D:7      | Identified the staff "Giantbane" {rPois rF+ rC+ Str-5 Conj
                  | Fire}
 10997 | D:8      | Found a shadowy altar of Dithmenos.
 11167 | D:8      | Found Ruer Lai's Armour Shoppe.
 11175 | D:8      | Bought a +0 cloak for 58 gold pieces
 11192 | D:8      | Identified the +4 arbalest of Mymamu {drain, Fly rPois
                  | Dex+2 Stlth+}
 11220 | D:8      | Found a flagged portal.
 11229 | Bailey   | Entered a bailey
 11538 | Bailey   | Noticed an orc knight
 11547 | Bailey   | Reached skill level 1 in Staves
 11748 | Bailey   | Killed an orc knight
 12232 | D:8      | Identified a scroll of acquirement
 12234 | D:8      | Acquired a book of the Spheres
 12250 | D:8      | Noticed a two-headed ogre
 12272 | D:8      | Killed a two-headed ogre
 12279 | D:8      | Learned a level 5 spell: Fireball
 12437 | D:8      | Identified the +0 robe "Rushrup" {rC++}
 12628 | D:8      | Reached skill level 1 in Fighting
 13342 | D:9      | Found a sacrificial altar of Ru.
 13411 | D:9      | Reached skill level 2 in Fighting
 13411 | D:9      | Reached skill level 1 in Fire Magic
 13645 | D:9      | Reached **** piety under Sif Muna
 13824 | D:9      | Found a staircase to the Orcish Mines.
 14072 | D:9      | Reached skill level 3 in Fighting
 14207 | D:9      | Noticed a two-headed ogre
 14556 | D:9      | Killed a two-headed ogre
 14755 | D:9      | Found a staircase to the Lair.
 14758 | D:9      | Found a snail-covered altar of Cheibriados.
 14758 | D:9      | Found an opulent altar of Gozag.
 14869 | Lair:1   | Entered Level 1 of the Lair of Beasts
 14945 | Lair:1   | Reached skill level 4 in Fighting
 15517 | Lair:1   | Found a transporter.
 15570 | Lair:1   | Reached XP level 12. HP: 109/109 MP: 21/25
 15658 | Lair:1   | Found a transporter.
 15713 | Lair:1   | Reached skill level 5 in Fighting
 15955 | Lair:1   | Noticed Joseph
 15965 | Lair:1   | Killed Joseph
 16520 | Lair:1   | Learned a level 4 spell: Iskenderun's Mystic Blast
 16917 | Lair:2   | Noticed a five-headed hydra
 16946 | Lair:2   | Killed a five-headed hydra
 16947 | Lair:2   | Reached skill level 6 in Fighting
 16993 | Lair:2   | Noticed a boulder beetle
 17379 | Lair:2   | Found a runed translucent door.
 17380 | Lair:2   | Noticed a four-headed hydra
 17380 | Lair:2   | Noticed Valrug's ghost (journeyman DsAl)
 17552 | Lair:2   | Found a staircase to the Swamp.
 18344 | Lair:2   | Killed a boulder beetle
 18716 | Lair:2   | Reached skill level 7 in Fighting
 18792 | Lair:2   | Reached skill level 10 in Conjurations
 19339 | Lair:1   | Reached skill level 5 in Fire Magic
 19430 | Lair:2   | Found a hole to the Spider Nest.
 19965 | Lair:3   | Noticed Fannar
 19972 | Lair:3   | Killed Fannar
 19973 | Lair:3   | Reached skill level 5 in Dodging
 19973 | Lair:3   | Reached XP level 13. HP: 112/127 MP: 10/26
 20043 | Lair:3   | Noticed Sonja
 20051 | Lair:3   | Killed Sonja
 20055 | Lair:3   | Reached skill level 8 in Fighting
 20368 | Lair:3   | Reached skill level 5 in Translocations
 20775 | Lair:3   | Noticed Nergalle
 20780 | Lair:3   | Killed Nergalle
 21639 | Lair:2   | Reached skill level 10 in Spellcasting
 22069 | Lair:2   | Reached skill level 9 in Fighting
 23421 | Lair:3   | Reached ***** piety under Sif Muna
 24074 | Lair:4   | Found a staircase to the Slime Pits.
 25223 | Lair:4   | Reached skill level 10 in Fighting
 25223 | Lair:4   | Reached XP level 14. HP: 142/143 MP: 20/28
 26255 | Lair:4   | Found a viscous altar of Jiyva.
 26608 | Lair:5   | Entered Level 5 of the Lair of Beasts
 28050 | Lair:5   | Reached skill level 11 in Fighting
 28950 | Lair:5   | Noticed a dire elephant
 29969 | Lair:5   | Killed a dire elephant
 31051 | Lair:5   | Identified the ring of Ciniq {Wiz rN+ Will+ Dex+6 Slay-5}
 31145 | Lair:5   | Reached XP level 15. HP: 133/156 MP: 6/30
 31891 | D:10     | Entered Level 10 of the Dungeon
 32037 | D:10     | Reached skill level 12 in Fighting
 32994 | D:11     | Found a frozen archway.
 33241 | IceCv    | Entered an ice cave
 33703 | IceCv    | Received a gift from Sif Muna
 33706 | IceCv    | Got Sif Muna's Spellweaving, Part Four {god gift}
 35272 | IceCv    | Identified the +2 shortbow "Mitzubol" {flame, +Blink rC+}
 37945 | D:12     | Learned a level 5 spell: Irradiate
 38110 | D:12     | Reached skill level 13 in Fighting
 38242 | D:12     | Reached skill level 1 in Alchemy
 38499 | D:12     | Noticed a frost giant
 38503 | D:12     | Killed a frost giant
 39744 | D:12     | Received a gift from Sif Muna
 39745 | D:12     | Got Sif Muna's Incunable of Galvanic Frost {god gift}
 40201 | Orc:1    | Entered Level 1 of the Orcish Mines
 41419 | Orc:2    | Entered Level 2 of the Orcish Mines
 41419 | Orc:2    | Found a staircase to the Elven Halls.
 41425 | Orc:2    | Noticed an orc warlord
 41428 | Orc:2    | Reached XP level 16. HP: 165/170 MP: 1/32
 42795 | Orc:2    | Found Possihiq's General Store.
 42797 | Orc:2    | Found Nare's Distillery.
 43213 | Orc:2    | Received a gift from Sif Muna
 43352 | Orc:2    | Got Sif Muna's Quarto of the Fifth Circle {god gift}
 44123 | Orc:2    | Reached skill level 14 in Fighting
 44443 | Orc:2    | Found Woloewap's Jewellery Shoppe.
 44443 | Orc:2    | Found Mofon's Antique Weapon Emporium.
 44444 | Orc:2    | Found a one-way gate leading to the halls of Pandemonium.
 44454 | Orc:2    | Bought an amulet of reflection for 420 gold pieces
 44493 | Orc:2    | Bought a potion of curing for 48 gold pieces
 44493 | Orc:2    | Bought a scroll of enchant armour for 120 gold pieces
 44495 | Orc:2    | Bought a potion of curing for 51 gold pieces
 44495 | Orc:2    | Bought a potion of curing for 51 gold pieces
 44495 | Orc:2    | Bought a potion of brilliance for 68 gold pieces
 44497 | Orc:2    | Bought a scroll of fog for 64 gold pieces
 44664 | Spider:1 | Entered Level 1 of the Spider Nest
 44669 | Spider:1 | Reached skill level 10 in Dodging
 45303 | Spider:1 | Noticed Donald
 45489 | Spider:1 | Killed Donald
 46111 | Swamp:1  | Entered Level 1 of the Swamp
 46244 | Swamp:1  | Noticed a fenstrider witch
 46248 | Swamp:1  | Killed a fenstrider witch
 46654 | Swamp:1  | Found a runed translucent gate.
 46654 | Swamp:1  | Found a runed translucent gate.
 46654 | Swamp:1  | Found a runed translucent gate.
 46656 | Swamp:1  | Noticed a tentacled monstrosity
 46657 | Swamp:1  | Noticed a fenstrider witch
 46657 | Swamp:1  | Noticed a tentacled monstrosity
 46658 | Swamp:1  | Noticed Hnaef's ghost (adept FeSh)
 46660 | Swamp:1  | Noticed a thorn hunter
 47837 | Swamp:2  | Reached skill level 15 in Fighting
 48193 | Swamp:2  | Reached XP level 17. HP: 184/184 MP: 13/34
 48367 | Swamp:2  | Found the +9 sword of Power {lifebolt}
 49106 | Swamp:2  | Received a gift from Sif Muna
 49109 | Swamp:2  | Got Luommotocs's Octavo of the Winter and Points {god gift}
 49753 | Swamp:2  | Reached skill level 10 in Invocations
 49761 | Swamp:2  | Learned a level 7 spell: Orb of Destruction
 50256 | Swamp:3  | Reached skill level 1 in Armour
 50832 | Swamp:3  | Found a runed translucent gate.
 50835 | Swamp:3  | Found a runed translucent gate.
 50835 | Swamp:3  | Found a runed translucent gate.
 50837 | Swamp:3  | Noticed Gokhumny's ghost (adept GnFi)
 50840 | Swamp:3  | Noticed a tentacled monstrosity
 50847 | Swamp:3  | Killed a tentacled monstrosity
 52931 | Spider:1 | Reached skill level 16 in Fighting
 53461 | Spider:1 | Received a gift from Sif Muna
 53605 | Spider:1 | Got Sif Muna's Dissertation on Igneous Portals {god gift}
 53987 | Spider:1 | Learned a level 9 spell: Polar Vortex
 55294 | Spider:2 | Reached XP level 18. HP: 198/198 MP: 3/36
 56547 | Spider:2 | Found a large runed translucent door.
 56548 | Spider:2 | Found a large runed translucent door.
 56551 | Spider:2 | Noticed Woboll's ghost (adept MiMo)
 57283 | Spider:3 | Received a gift from Sif Muna
 57532 | Spider:3 | Noticed Louise
 57645 | Spider:2 | Learned a level 4 spell: Olgreb's Toxic Radiance
 57753 | Spider:2 | Learned a level 4 spell: Ignite Poison
 57904 | Spider:3 | Noticed Bai Suzhen
 57960 | Spider:3 | Noticed Nikola
 57965 | Abyss:3  | Cast into level 3 of the Abyss (Louise)
 58040 | Abyss:3  | Found a corrupted altar of Lugonu.
 58056 | Abyss:3  | Found a corrupted altar of Lugonu.
 58056 | Abyss:3  | Found a corrupted altar of Lugonu.
 58186 | Abyss:3  | Found a corrupted altar of Lugonu.
 58222 | Abyss:3  | Reached skill level 5 in Armour
 58438 | Spider:3 | Escaped the Abyss
 58769 | Spider:3 | Got Sif Muna's Atlas of Shadowy Geometries {god gift}
 58809 | Spider:3 | Killed Nikola
 58810 | Spider:3 | Reached skill level 17 in Fighting
 59487 | Spider:3 | Killed Louise
 59660 | Spider:3 | Killed Bai Suzhen
 60869 | D:13     | Reached skill level 15 in Conjurations
 60870 | D:13     | Found a gate to the Vaults.
 61202 | D:13     | Found Alibbyim's Distillery.
 61305 | D:13     | Bought a potion of cancellation for 136 gold pieces
 61305 | D:13     | Bought a potion of curing for 51 gold pieces
 61305 | D:13     | Bought a potion of haste for 170 gold pieces
 61305 | D:13     | Bought 2 potions of heal wounds for 170 gold pieces
 62519 | D:14     | Reached skill level 15 in Spellcasting
 62814 | D:14     | Identified the +1 whip of the Blessed Realm {holy, ^Drain
                  | rN++ Int+3}
 62934 | D:14     | Noticed Frances
 62945 | D:14     | Killed Frances
 63778 | D:15     | Entered Level 15 of the Dungeon
 63793 | D:15     | Found a gate leading to a gauntlet.
 63798 | Gauntlet | Entered a Gauntlet
 63798 | Gauntlet | Found a large runed translucent door.
 63798 | Gauntlet | Found a large runed translucent door.
 63798 | Gauntlet | Found a large runed translucent door.
 63798 | Gauntlet | Found a large runed translucent door.
 63798 | Gauntlet | Found a large runed translucent door.
 63798 | Gauntlet | Found a large runed translucent door.
 63798 | Gauntlet | Found a large runed translucent door.
 63798 | Gauntlet | Found a large runed translucent door.
 63798 | Gauntlet | Found a runed translucent door.
 63798 | Gauntlet | Found a runed translucent gate.
 63798 | Gauntlet | Found a transporter.
 63798 | Gauntlet | Found a transporter.
 63798 | Gauntlet | Found a runed translucent gate.
 63798 | Gauntlet | Found a transporter.
 63799 | Gauntlet | Found a transporter.
 63802 | Gauntlet | Found a transporter.
 63802 | Gauntlet | Found a runed translucent gate.
 63802 | Gauntlet | Found a runed translucent door.
 63807 | Gauntlet | Found a large runed translucent door.
 63807 | Gauntlet | Found a large runed translucent door.
 63812 | Gauntlet | Found a transporter.
 63816 | Gauntlet | Found a transporter.
 63826 | Gauntlet | Found a transporter.
 63835 | Gauntlet | Found a transporter.
 63852 | Gauntlet | Found a transporter.
 63856 | Gauntlet | Found a transporter.
 63866 | Gauntlet | Found a transporter.
 63901 | Gauntlet | Found a large runed translucent door.
 63901 | Gauntlet | Found a large runed translucent door.
 63902 | Gauntlet | Found a large runed translucent door.
 63902 | Gauntlet | Found a large runed translucent door.
 63903 | Gauntlet | Found a large runed translucent door.
 63903 | Gauntlet | Found a large runed translucent door.
 64121 | Gauntlet | Reached XP level 19. HP: 186/209 MP: 30/38
 64168 | Gauntlet | Identified the scarf "Mopelapn" {shadows, rPois rF- Str+3}
 64545 | Gauntlet | Got the Elucidation of Earth and the Blaze
 64547 | Gauntlet | Identified the +0 hat of Weegh {-Tele rElec rC+ Dex+5 SInv}
 64577 | D:14     | Acquired the +4 hat of New Discoveries {rF+ Dex-5 SInv
                  | Stlth+}
 64858 | D:15     | Found a staircase to the Depths.
 64889 | D:15     | Noticed Jorgrun
 65018 | D:15     | Killed Jorgrun
 65098 | D:15     | Noticed Rupert
 65105 | D:15     | Killed Rupert
 65365 | D:15     | Noticed Azrael
 65369 | D:15     | Killed Azrael
 66127 | D:15     | Noticed Kirke
 66133 | D:15     | Killed Kirke
 66133 | D:15     | Received a gift from Sif Muna
 66235 | D:15     | Got Qoj Muuc's Guide on Weathered Transfiguration {god
                  | gift}
 66352 | D:15     | Reached skill level 18 in Fighting
 66763 | D:15     | Noticed Josephine
 66765 | D:15     | Killed Josephine
 67498 | Spider:4 | Entered Level 4 of the Spider Nest
 70664 | Spider:4 | Reached skill level 5 in Alchemy
 70912 | Spider:4 | Got a gossamer rune of Zot
 70918 | Spider:4 | Identified the +0 hat "Luec" {rPois rN++}
 71187 | Swamp:4  | Entered Level 4 of the Swamp
 72273 | Swamp:4  | Reached XP level 20. HP: 223/223 MP: 10/39
 73502 | Swamp:4  | Reached skill level 19 in Fighting
 74343 | Swamp:4  | Got a decaying rune of Zot
 74816 | Vaults:1 | Entered Level 1 of the Vaults
 75020 | Vaults:1 | Identified the +5 long sword of Emywoyno {elec, rC+}
 75671 | Vaults:1 | Received a gift from Sif Muna
 75809 | Vaults:1 | Got Sif Muna's Compendium of Doomed Transfiguration {god
                  | gift}
 78190 | Vaults:1 | Reached skill level 20 in Fighting
 79483 | Vaults:2 | Found Typuygog's Armour Shop.
 80720 | Vaults:2 | Reached XP level 21. HP: 237/237 MP: 26/40
 82830 | Vaults:3 | Identified the ring of the Summoning Gods {Will+ Dex+2
                  | SInv}
 82850 | Vaults:3 | Found a transporter.
 82850 | Vaults:3 | Found a transporter.
 82869 | Vaults:3 | Found a staircase to the Crypt.
 83292 | Vaults:3 | Received a gift from Sif Muna
 83295 | Vaults:3 | Got Sif Muna's Incunable of Bloody Gases {god gift}
 83416 | Vaults:3 | Reached skill level 15 in Dodging
 88238 | Vaults:4 | Reached XP level 22. HP: 226/247 MP: 16/42
 88797 | Orc:2    | Bought the ring of the Shrike {^Drain rPois Will+ Int-3
                  | Dex+7} for 546 gold pieces
 88874 | Elf:1    | Entered Level 1 of the Elven Halls
 88876 | Elf:1    | Paralysed by an air elemental for 1 turns
 89987 | Elf:1    | Received a gift from Sif Muna
 89992 | Elf:1    | Got Nudonuuc's Parchment of the Productive Lungs {god gift}
 90491 | Elf:1    | Got the Incunabulum of Confrontation and Convocation
 90777 | Elf:1    | Identified the +4 long sword of the Lost Towns {freeze,
                  | Dex+3}
 91005 | Elf:1    | Found Feoqeunye's Jewellery Shoppe.
 91007 | Elf:1    | Found Johajiw's Book Boutique.
 91009 | Elf:1    | Found Vyac's Jewellery Shoppe.
 91691 | Elf:2    | Found a runed translucent gate.
 91692 | Elf:2    | Found a runed translucent gate.
 91692 | Elf:2    | Found a runed translucent gate.
 91845 | Elf:2    | Reached skill level 10 in Armour
 92198 | Elf:3    | Entered Level 3 of the Elven Halls
 92278 | Elf:3    | Noticed Zenata
 92286 | Elf:3    | Killed Zenata
 92722 | Elf:3    | Identified the serpent talisman of Cynicism {rF+++ rC+ MP+9
                  | Int-5}
 92722 | Elf:3    | Noticed Aizul
 92733 | Elf:3    | Killed Aizul
 92852 | Elf:3    | Paralysed by an air elemental for 1 turns
 92856 | Elf:3    | Paralysed by an air elemental for 1 turns
 94100 | Elf:3    | Reached skill level 21 in Fighting
 94497 | Elf:3    | Identified the +6 arbalest of the Lesser Evil {heavy, rElec
                  | Int+6}
 94497 | Elf:3    | Identified the +10 shortbow of Extinguishment {speed,
                  | Int+4}
 94499 | Elf:3    | Identified the +4 broad axe of the Endless Expanse {holy,
                  | rElec rC++ Dex+2}
 94762 | Elf:3    | Identified the staff of Bonluad {rElec rN+ Int+6 Conj Air}
 94922 | Elf:3    | Identified the +4 arbalest "Qiduxuf" {penet, ^Fragile
                  | Str+5}
 94942 | Elf:3    | Identified the +1 arbalest of Collusion {antimagic, Stlth+}
 95233 | D:4      | Bought a steaming quarterstaff for 288 gold pieces
 95233 | D:4      | Identified the +1 quarterstaff "Conservator" {venom, ^Drain
                  | Int+2 Dex+3} (You bought it in a shop on level 4 of the
                  | Dungeon)
 95507 | Depths:1 | Entered Level 1 of the Depths
 95530 | Depths:1 | Received a gift from Sif Muna
 95711 | Depths:1 | Got Sif Muna's Compendium of Fetching Quicksand {god gift}
 96216 | Depths:1 | Found a one-way gateway to a ziggurat.
 96332 | Depths:1 | Reached XP level 23. HP: 240/240 MP: 10/44
 97369 | Depths:1 | Found a gateway to Hell.
 99435 | Depths:2 | Identified the ring of Zito {rElec SInv}
 99755 | Depths:2 | Found Zibrur's Antique Armour Emporium.
 99766 | Depths:2 | Received a gift from Sif Muna
 99915 | Depths:2 | Bought a runed robe for 162 gold pieces
 99917 | Depths:2 | Acquired the +7 swamp dragon scales of Miracles {rPois
                  | rCorr}
 99976 | Depths:2 | Reached skill level 22 in Fighting
100077 | Depths:2 | Identified the staff "Moptut" {MP+9 Int+7 Earth}
100133 | Depths:2 | Identified the ring "Coxkixao" {Wiz rPois rF+ rN+ Str-4
                  | Slay+6}
100547 | Depths:2 | Found a transporter.
100615 | Depths:2 | Found Fapsost's General Store.
100699 | Depths:2 | Bought 3 scrolls of revelation for 472 gold pieces
100805 | Depths:2 | Noticed Saint Roka
100815 | Depths:2 | Killed Saint Roka
101167 | Depths:2 | Identified the ring "Xutwah" {rCorr Str+2 Int+6 Dex+2}
101272 | Depths:2 | Found Xyhierer's Magic Scroll Emporium.
101355 | Depths:2 | Bought a scroll of teleportation for 51 gold pieces
101355 | Depths:2 | Bought a scroll of teleportation for 51 gold pieces
101355 | Depths:2 | Bought a scroll of teleportation for 51 gold pieces
101355 | Depths:2 | Bought a scroll of fear for 68 gold pieces
101365 | Depths:2 | Learned a level 9 spell: Dragon's Call
101579 | Depths:2 | Found a one-way gate to the infinite horrors of the Abyss.
101636 | Depths:2 | Identified the +8 long sword of the First Loafs {speed,
                  | *Rage MP+9 SInv Stlth+}
101653 | Depths:2 | Found a transporter.
101669 | Depths:2 | Identified the staff of Destiny {rC+ rCorr Int+5 Ice}
102188 | Depths:2 | Received a gift from Sif Muna
103197 | Depths:3 | Found Wuhuj's Tiny Tomes.
103657 | Depths:3 | Reached XP level 24. HP: 240/275 MP: 7/46
105593 | Lair:1   | Received a gift from Sif Muna
105682 | Lair:2   | Killed Valrug's ghost
105683 | Lair:2   | Reached skill level 23 in Fighting
106177 | Depths:3 | Noticed Grunn
106267 | Depths:3 | Killed Grunn
108164 | Depths:3 | Noticed a juggernaut
108226 | Depths:3 | Noticed a juggernaut
108317 | Depths:3 | Killed a juggernaut
108490 | Depths:3 | Noticed a juggernaut
108507 | Depths:3 | Killed a juggernaut
108678 | Depths:3 | Killed a juggernaut
108679 | Depths:3 | Identified the ring "Enuidoh" {Fly rCorr SInv}
108829 | Depths:3 | Noticed a caustic shrike
108835 | Depths:3 | Killed a caustic shrike
108965 | Depths:3 | Noticed a juggernaut
108980 | Depths:3 | Killed a juggernaut
109127 | Depths:3 | Learned a level 9 spell: Death's Door
109147 | Depths:3 | Identified the +0 pair of gloves of Vesuit {rF+ Str+4}
109260 | Depths:4 | Entered Level 4 of the Depths
110005 | Depths:4 | Reached skill level 24 in Fighting
110791 | Depths:4 | Found a gate to the Realm of Zot.
111731 | Vaults:5 | Entered Level 5 of the Vaults
111741 | Vaults:5 | Reached XP level 25. HP: 209/291 MP: 47/47
111771 | Vaults:5 | Gained mutation: You sometimes lose your temper in combat.
                  | [a shining eye]
112473 | Vaults:5 | Noticed an ancient lich
112479 | Vaults:5 | Killed an ancient lich
112483 | Vaults:5 | Received a gift from Sif Muna
112687 | Vaults:5 | Identified the +10 mace of Irrepressible Laughter {heavy,
                  | Fly rF+ Str-4 Int+5}
112691 | Vaults:5 | Noticed a dread lich
112700 | Vaults:5 | Killed a dread lich
112893 | Vaults:5 | Noticed a dread lich
113033 | Vaults:5 | Killed a dread lich
113612 | Vaults:5 | Reached skill level 25 in Fighting
113902 | Vaults:5 | Noticed an ancient lich
114042 | Vaults:5 | Killed an ancient lich
114243 | Vaults:5 | Identified the +5 hand axe of Ezaera {freeze, Dex+3}
114891 | Vaults:5 | Noticed a dread lich
114908 | Vaults:5 | Killed a dread lich
114908 | Vaults:5 | Gained mutation: You occasionally lose the ability to read
                  | scrolls when taking damage. [mutagenic glow]
115683 | Vaults:5 | Identified the dragon-blood talisman of Ahodd {Int+4 Dex-4
                  | Stlth+}
115689 | Vaults:5 | Identified the amulet of the Robin {Acrobat Will+ Dex-3
                  | Slay+4 Stlth+}
115754 | Vaults:5 | Identified the ring "Yllaluar" {rPois rF+ rC+ AC+4}
115801 | Vaults:5 | Identified the +6 sling "Ganges" {drain, *Corrode rF+ rN++}
115801 | Vaults:5 | Identified the +7 dire flail of True Grit {drain, *Rage
                  | Int+4 Stlth+}
115802 | Vaults:5 | Received a gift from Sif Muna
116163 | Vaults:5 | Noticed a dread lich
116166 | Vaults:5 | Killed a dread lich
116835 | Vaults:5 | Identified the +5 flail of Scorn {vamp, Will+ rCorr}
116841 | Vaults:5 | Identified the ring of Togun {rC+ Int+3 Dex+4 Stlth+}
116844 | Vaults:5 | Reached XP level 26. HP: 272/308 MP: 35/47
117029 | Vaults:5 | Got a silver rune of Zot
117273 | Vaults:5 | Lost mutation: You sometimes lose your temper in combat.
                  | [potion of mutation]
117273 | Vaults:5 | Lost mutation: You occasionally lose the ability to read
                  | scrolls when taking damage. [potion of mutation]
117273 | Vaults:5 | Gained mutation: You are somewhat resistant to further
                  | mutation. [potion of mutation]
117580 | Zot:1    | Entered Level 1 of the Realm of Zot
118210 | Zot:1    | Reached skill level 26 in Fighting
122089 | Zot:3    | Identified the amulet "Kehaqeos" {Acrobat +Inv rN+++ SInv
                  | Stlth-}
123671 | Zot:3    | Received a gift from Sif Muna
123672 | Zot:3    | Got Sif Muna's Quarto of Geological Stolen Souls {god gift}
123780 | Zot:3    | Noticed stpyramids's ghost (legendary DDFi)
123796 | Zot:3    | Found a transporter.
123799 | Zot:3    | Found a transporter.
124684 | Zot:2    | Acquired the +0 storm dragon scales of Itygo {rElec rF+}
125675 | Zot:4    | Reached skill level 10 in Alchemy
125675 | Zot:4    | Reached skill level 15 in Invocations
126008 | Zot:4    | Reached skill level 27 in Fighting
127159 | Zot:4    | Reached XP level 27. HP: 278/323 MP: 21/47
127347 | Zot:5    | Entered Level 5 of the Realm of Zot
127613 | Zot:5    | Found a transporter.
127615 | Zot:5    | Identified the +1 cloak of the Bedazzled God {rF+ rC- rN++
                  | Will+}
127618 | Zot:5    | Noticed hellgot's ghost (master GnIE)
127620 | Zot:5    | Found a bloodstained altar of Trog.
127629 | Zot:5    | Found a transporter.
127629 | Zot:5    | Identified the -1 cloak of the Manifold Priests {rPois rF-
                  | rC- Will+++}
128793 | Zot:5    | Noticed an orb of fire
128797 | Zot:5    | Noticed an orb of fire
129122 | Zot:5    | Killed an orb of fire
129136 | Zot:5    | Killed an orb of fire
129317 | Zot:5    | Noticed a dread lich
129512 | Zot:5    | Killed a dread lich
132998 | Zot:4    | Lost dexterity.
133301 | Zot:5    | Noticed a dread lich
133310 | Zot:5    | Killed a dread lich
133759 | Zot:5    | Noticed an ancient lich
133769 | Zot:5    | Killed an ancient lich
134625 | Zot:5    | Noticed a dread lich
134630 | Zot:5    | Killed a dread lich
135219 | Zot:5    | Got the Orb of Zot
135317 | Zot:1    | Noticed Ebla the pandemonium lord
135349 | Depths:4 | Noticed Baihisam the pandemonium lord
135504 | D:14     | Gained mutation: Potions are less effective at restoring
                  | your health. [mutagenic glow]
135804 | D:$      | Escaped with the Orb!

Illustrated notes

Levels and vault maps discovered:
D:1:      dpeg_arrival_renting, layout_basic, serial_park_tiny_pond
D:2:      layout_basic, minmay_pentomino_p4
D:3:      layout_loops_ring, led_sif_pool, serial_shops, shop
D:4:      layout_basic, serial_shops, nicolae_shop_trees,
          mainiacjoe_sewer_entry_somewhere_in_here_1
D:5:      layout_layer_cave, old_standard_altar, minmay_temple_entry_butterflies
D:6:      layout_loops_ring, mainiacjoe_overflow_surrounded_room,
          xom_teletrap_fun
D:7:      minmay_the_grid_octo_tiled_squarecenter [minmay_the_grid_octo_toaster,
          minmay_the_grid_octo_fat_diamond, minmay_the_grid_octo_77,
          minmay_the_grid_octo_odd_swirl,
          minmay_the_grid_square_5x5_megaprize_open,
          minmay_the_grid_square_5x5_lines,
          minmay_the_grid_square_5x5_broken_cross,
          minmay_the_grid_square_5x5_tetrominoes, minmay_the_grid_square_5x5_z],
          layout_basic, nicolae_wu_jian_wuxing_cycle, serial_park_tiny_pond,
          nicolae_shop_firing_range, uniq_maggie, uniq_jeremiah, uniq_menkaure
D:8:      layout_loops_ring, nicolae_dithmenos_shadow_blocks, enter_bailey_2,
          serial_shops, shop
D:9:      layout_long_grid, gammafunk_temple_overflow_wave, lemuel_doored_altar,
          lair_entry_dummy, minmay_orc_entry_guard_dogs,
          hangedman_decor_diamond_cutter, hangedman_decor_slide_cut,
          kennysheep_generic_room_11
D:10:     layout_cave_pools, hangedman_corner_corridor
D:11:     layout_irregular_city, portal_ice_cave_entry_pillars_2,
          nooodl_orcs_dogs
D:12:     nzn_winding_woodlands_large [nzn_winding_woodlands_5x5_perimeter,
          nzn_winding_woodlands_5x15_pockets, nzn_winding_woodlands_5x5_three,
          nzn_winding_woodlands_center_pierced_h,
          nzn_winding_woodlands_15x15_eel_pit,
          nzn_winding_woodlands_center_garden,
          nzn_winding_woodlands_5x5_checkerboard,
          nzn_winding_woodlands_5x15_pathside_ponds,
          nzn_winding_woodlands_5x5_open_star], layout_rooms
D:13:     layout_stronghold, hellmonk_vaults_order_and_chaos, serial_shops, shop
D:14:     kennysheep_water_balloons, layout_loops_ring,
          nicolae_twisting_strands, uniq_frances
D:15:     hangedman_depths_entry_civil_slaughter, layout_grid_maze,
          gauntlet_entry_generic, uniq_jorgrun, uniq_rupert, uniq_kirke,
          uniq_azrael, uniq_josephine
Temple:   nicolae_temple_figure_eight
Lair:1:   gammafunk_cloud_chamber, layout_gridlike, lemuel_fruit_fields,
          uniq_joseph
Lair:2:   layout_cave_shapes, minmay_swamp_entry_swarm,
          hellmonk_spider_entry_not_the_bees, ebering_ghost_inner_flame,
          minivault_19, nicolae_lair_grazing_beasts
          [nicolae_sub_lair_graze_edge, nicolae_sub_lair_graze_edge,
          nicolae_sub_lair_graze_edge, nicolae_sub_lair_graze_edge],
          serial_bayou_shore_b
Lair:3:   layout_chaotic_city, uniq_nergalle, uniq_sonja, uniq_fannar
Lair:4:   layout_loops_ring, slime_entry_1, special_room
          [special_room_mythical_zoo]
Lair:5:   hangedman_lair_in_review, layout_cellular_growth
Swamp:1:  layout_falls_marsh, gammafunk_ghost_split, evilmike_swamp_ruin_house_2
Swamp:2:  layout_basic_swamp, serial_swamp_ruin, evilmike_swamp_ruin_rubble_1,
          evilmike_swamp_ruin_house_3, hangedman_swamp_ruin_hall, swamp_pool_3,
          hangedman_swamp_dais
Swamp:3:  layout_falls_marsh, ebering_ghost_rock_garden,
          evilmike_swamp_ruin_house_4, nicolae_swamp_decorative_isthmus
Swamp:4:  swamp_alternative, layout_basic_swamp, swamp_pool_4
Spider:1: spiders_nest_scorpion_pit, nicolae_spider_orb_run, uniq_donald
Spider:2: nicolae_spider_jumping_over_cracks [nicolae_spider_jumping_sub_empty,
          nicolae_spider_jumping_sub_no_exit, nicolae_spider_jumping_sub_narrow,
          nicolae_spider_jumping_sub_lanes], ebering_ghost_disaster_area,
          drop_trap
Spider:3: layout_spider_delve, uniq_louise, uniq_bai_suzhen, uniq_nikola
Spider:4: grunt_spider_rune_parallel
Orc:1:    layout_caves
Orc:2:    pf_orc_diabolical, layout_caves, basic_altar
Elf:1:    elf_arrival_002, layout_loops_corners, minmay_elf_sorcery,
          minmay_shop_grove
Elf:2:    nicolae_elf_blades_crystal_corner, layout_gridlike
Elf:3:    minmay_elf_hall_quartered_circle, layout_geoelf_diagonals, uniq_aizul,
          uniq_zenata, uniq_saint_roka
Vaults:1: ontoclasm_vaults_misaligned, v_misc_23, v_pattern_3,
          vaults_mumra_chevron_long, hangedman_vaults_nails, v_misc_5,
          hangedman_vaults_cutoff, nicolae_vaults_house_1,
          nicolae_vaults_tetromino_T_1, nicolae_vaults_trapezoid_lopsided_4,
          nicolae_vaults_storage_room_statues, layout_vaults_omnicross
Vaults:2: v_misc_9, nicolae_vaults_arrows, ontoclasm_vaults_ring_square,
          nicolae_vaults_mini_display_case, nicolae_vaults_back_hallway,
          ontoclasm_vaults_decontamination, hangedman_vaults_capsules,
          nicolae_vaults_circle_grid_a, hangedman_vaults_locks,
          layout_vaults_chaotic_city, serial_shops, shop
Vaults:3: nicolae_vaults_cochlea, v_alt_pattern_6,
          minmay_crypt_entry_nasty_monster, nicolae_vaults_yaktaur_gun_rack,
          gammafunk_the_bubble [the_bubble_gammafunk_plus_minus],
          nicolae_vaults_heart-shaped_vault, nicolae_vaults_closet_pinwheel_2,
          hangedman_vaults_nails, nicolae_vaults_little_squares_6,
          nicolae_vaults_network_quincunx
          [nicolae_vaults_network_quincunx_subvault,
          nicolae_vaults_network_quincunx_subvault,
          nicolae_vaults_network_quincunx_subvault,
          nicolae_vaults_network_quincunx_subvault,
          nicolae_vaults_network_quincunx_subvault],
          ontoclasm_vaults_ring_small, nicolae_vaults_angled_halls,
          nicolae_vaults_tangram_2, vaults_dpeg_encased_lava, layout_vaults_maze
Vaults:4: v_misc_22, nicolae_vaults_little_squares_4, ontoclasm_vaults_twist,
          vaults_room_semicircle, vaults_room_corners, v_misc_3,
          vaults_room_guarded_vault, layout_vaults_quadrants
Vaults:5: serial_shops
Depths:1: layout_gridlike, enter_ziggurat_d, lightli_too_deep,
          grunt_pan_entry_spiral, amcnicky_mini_pool_medium, grunt_megastairs_2
Depths:2: hangedman_spin_cycle, abyss_entry, pan_entry, hell_entry
Depths:3: gammafunk_depths_water_palace, layout_cave_pools,
          pf_dread_powers_of_hell, abyss_entry, st_stairs_11,
          hangedman_abyss_or_decor_stabs, nicolae_shop_i_like_small_books_too,
          uniq_grunn
Depths:4: evilmike_zot_entry_diamond, layout_cave_pools, mu_enter_wizlab_4,
          hell_entry, rand_demon_pan_entry_9
Zot:1:    layout_gridville, st_large_dragon_hoard_1
Zot:2:    layout_misc_corridors, regret_index_zotdec_onion_hex, st_stairs_1,
          skrybe_zot_glass_2
Zot:3:    layout_misc_corridors, gammafunk_ghost_arena
Zot:4:    minmay_elemental_castle, layout_basic
Zot:5:    layout_misc_corridors, gammafunk_ghost_wrathful_warriors

Skill      XL: |  1  2  3  4  5  6  7  8  9 10 11 12 13 14 15 16 17 18 19 20 21 22 23 24 25 26 27 |
---------------+----------------------------------------------------------------------------------+-----
Conjurations   | 1 2 3 4 5 6 8 9 10 11 12 13 14 15 16 17 18 19 20 22 | 22.4
Earth Magic    | 3 4 5 6 7 8 9 |  9.0
Spellcasting   | 3 4 6 7 9 10 11 12 13 14 15 16 17 19 20 21 | 21.3
Invocations    | 1 4 7 8 9 10 11 12 13 15 | 15.0
Translocations | 1 3 4 6 |  6.0
Staves         | 4 |  4.0
Fighting       | 4 7 10 11 13 15 16 17 18 20 21 22 24 25 27 | 27.0
Fire Magic     | 3 5 6 8 9 |  9.0
Dodging        | 2 5 6 8 9 10 11 12 13 14 15 16 18 19 | 19.0
Alchemy        | 2 4 5 6 7 9 10 | 10.0
Armour         | 4 6 7 9 11 12 13 | 13.8
Stealth        | |  1.4

Action                     |  1- 3 |  4- 6 |  7- 9 | 10-12 | 13-15 | 16-18 | 19-21 | 22-24 | 25-27 || total
---------------------------+-------+-------+-------+-------+-------+-------+-------+-------+-------++-------
  Melee: Unarmed           |     2 |       |       |       |       |       |       |       |       ||     2
         Headbutt          |     1 |       |     5 |     9 |    34 |     4 |     5 |       |    11 ||    69
         Hand axe          |     1 |       |       |       |       |       |       |       |       ||     1
         Quarterstaff      |       |    29 |    41 |    33 |       |       |       |       |       ||   103
         Staff             |       |       |       |    30 |    89 |    12 |    12 |     1 |     2 ||   146
         Punch             |       |       |       |       |     1 |     1 |       |       |       ||     2
  Throw: Dart              |       |       |    16 |    12 |    19 |     1 |       |       |       ||    48
   Cast: Sandblast         |    40 |    56 |    10 |     5 |     2 |     1 |       |       |       ||   114
         Stone Arrow       |       |     8 |    96 |   314 |   458 |    74 |     9 |     1 |       ||   960
         Brom's Barrelling |       |       |    10 |    35 |    17 |     2 |       |       |       ||    64
         Iskenderun's Myst |       |       |       |     9 |    97 |   146 |   118 |   188 |   107 ||   665
         Fireball          |       |       |       |     1 |   187 |   422 |   217 |   223 |    72 ||  1122
         Blink             |       |       |       |     1 |       |       |       |       |     2 ||     3
         Irradiate         |       |       |       |       |     2 |    55 |    40 |    64 |    65 ||   226
         Orb of Destructio |       |       |       |       |       |    78 |   215 |   255 |   461 ||  1009
         Olgreb's Toxic Ra |       |       |       |       |       |    41 |   137 |   115 |   118 ||   411
         Ignite Poison     |       |       |       |       |       |    11 |    78 |    76 |    67 ||   232
         Dragon's Call     |       |       |       |       |       |       |       |       |     1 ||     1
 Invoke: Channel Magic     |       |       |       |       |     9 |    29 |    18 |    23 |    24 ||   103
         Divine Exegesis   |       |       |       |       |       |       |       |       |     1 ||     1
  Evoke: Wand              |       |     7 |    25 |    16 |    10 |     2 |     9 |       |     7 ||    76
         Lightning rod     |       |       |       |       |       |     3 |     4 |       |       ||     7
    Use: Potion            |       |     2 |       |     2 |     7 |     7 |     3 |     2 |    19 ||    42
         Scroll            |       |     2 |     6 |    16 |    12 |    16 |     5 |     6 |    14 ||    77
 Armour: Robe              |     8 |    37 |    61 |       |       |       |       |       |       ||   106
         Swamp dragon scal |       |       |     6 |   214 |   392 |   517 |   392 |   382 |   567 ||  2470
         Ice dragon scales |       |       |       |       |    55 |       |       |       |       ||    55
  Dodge: Dodged            |     5 |    30 |    41 |    65 |   161 |   257 |   177 |   164 |   355 ||  1255
  Block: Other             |       |       |       |       |       |    76 |    80 |    56 |     3 ||   215
         Reflection        |       |       |       |       |       |     4 |    14 |    13 |     1 ||    32
